 Dungeon Crawl Stone Soup version 0.31-a0-234-gad7ace16ef (webtiles) character file.

Game seed: 5948783063723724730

198 qw the Shooter (level 5, -3/31 HPs)
             Began as a Gargoyle Hexslinger on July 9, 2023.
             Was an Initiate of Okawaru.
             Slain by an ogre
             ... wielding a +0 giant club
              (23 damage)
             ... on level 4 of the Dungeon.
             The game lasted 00:01:03 (3511 turns).

qw the Shooter (Gargoyle Hexslinger)                Turns: 3511, Time: 00:01:03

Health: -3/31      AC: 12    Str: 11    XL:     5   Next: 77%
Magic:  6/6        EV: 10    Int: 14    God:    Okawaru [......]
Gold:   995        SH:  0    Dex: 14    Spells: 5/6 levels left

rFire   . . .        o - +0 shortbow
rCold   + . .        (shield currently unavailable)
rNeg    + . .        e - +0 ring mail
rPois   inf          a - +2 helmet "Nuotiebri" {rC+}
rElec   +            (no cloak)
rCorr   .            (no gloves)
SInv    .            (no boots)
Will    .....        (no amulet)
Stlth   +            (no ring)
HPRegen 0.25/turn    (no ring)
MPRegen 0.10/turn

%: no passive effects
@: no status effects
A: sickness immunity, AC +4, negative energy resistance 1, electricity
resistance, torment resistance 1, petrification resistance
a: Renounce Religion


You were on level 4 of the Dungeon.
You worshipped Okawaru.
Okawaru was noncommittal.
You visited 1 branch of the dungeon, and saw 4 of its levels.

You collected 1279 gold pieces.
You spent 284 gold pieces at shops.


Innate Abilities, Weirdness & Mutations

You are immune to sickness and miasma.
Your stone body is resilient. (AC +4)
You are immune to poison.
You resist negative energy. (rN+)
You are resistant to electric shocks. (rElec)
You are resistant to unholy torment.
You are immune to petrification.


   Skills:
 + Level 2.4 Fighting
 - Level 5.0 Ranged Weapons
 - Level 1.8 Armour
 - Level 1.5 Dodging
 - Level 1.0 Spellcasting
 - Level 2.6 Hexes


You had 5 spell levels left.
You knew the following spells:

 Your Spells              Type           Power      Damage    Failure   Level
a - Slow                  Hex            32%        N/A       21%         1

Your spell library contained the following spells:

 Spells                   Type           Power      Damage    Failure   Level
 Inner Flame              Hex/Fire       4%         N/A       71%         3
 Portal Projectile        Hex/Tloc       8%         N/A       71%         3
 Cause Fear               Hex            4%         N/A       90%         4

Inventory:

Hand Weapons
 o - a +0 shortbow (weapon)
Armour
 a - the +2 helmet "Nuotiebri" (worn) {rC+}
   (You acquired it on level 1 of the Dungeon)

   rC:        It protects you from cold.
 e - a +0 ring mail (worn)
Jewellery
 g - an amulet of magic regeneration
Wands
 p - a wand of paralysis (6)
Scrolls
 n - a scroll of amnesia {unknown}
 r - a scroll of identify
Potions
 b - a potion of mutation {unknown}
 c - 2 potions of heal wounds
 d - a potion of might {unknown}
 f - a potion of curing {unknown}
 h - a potion of ambrosia {unknown}
 i - a potion of berserk rage {unknown}
 j - a potion of brilliance {unknown}
 k - a potion of attraction {unknown}
 l - a potion of enlightenment {unknown}
 m - a potion of degeneration {unknown}
 q - a potion of invisibility {unknown}

Dungeon Overview and Level Annotations

Branches:
Dungeon (4/15)
 Temple: D:4-7

Altars:
Okawaru
Vehumet

Shops:
D:4 *

Annotations:
D:2 1 runed translucent door, Crazy Yiuf


Message History

You shoot an arrow.
The arrow hits the orc but does no damage.
The orc is severely wounded.
The orc hits you but does no damage.
You shoot an arrow. The arrow hits the orc.
You kill the orc!
Okawaru accepts your kill.
You shoot an arrow. The arrow hits the orc priest.
The orc priest is moderately wounded.
The orc priest hits you with a +0 falchion!
The orc priest barely misses you.
You shoot an arrow.
The arrow closely misses the orc priest.
The orc priest barely misses you.
You shoot an arrow. The arrow hits the orc priest.
The orc priest is severely wounded.
The orc priest hits you but does no damage.
You shoot an arrow.
The arrow closely misses the orc priest.
The orc priest closely misses you.
The orc priest hits you with a +0 falchion.
You shoot an arrow. The arrow barely misses the orc priest.
The orc priest hits you with a +0 falchion.
You shoot an arrow. The arrow hits the orc priest.
You kill the orc priest!
Okawaru accepts your kill.
Your Armour skill increases to level 1!
You shoot an arrow. The arrow closely misses the orc.
The orc closely misses you. The orc hits you but does no damage.
You shoot an arrow. The arrow closely misses the orc.
The orc barely misses you.
You shoot an arrow. The arrow closely misses the orc.
The orc closely misses you.
You shoot an arrow. The arrow hits the orc!
You kill the orc!
Okawaru accepts your kill.
You shoot an arrow. The arrow barely misses the ogre.
The ogre hits you with a +0 giant club!!
Ouch! That really hurt!
You die...

#......##..##...#
#.<....##'#####.#
#...............#
#..............##
#......##..##...#
##.###+######...#
#+##..##.......#
#....#......)#
#@...#.......#
#..O##)###'###.##
#...#..###.#####
#...#........#
##.#.........#
.#########.#######
.. ##.......## ..
#...#.....#
#...'.....#


You could see an ogre.

Vanquished Creatures
  An orc priest (D:4)
  Jessica (D:2)
  An orc wizard (D:3)
  2 adders
  4 dart slugs
  12 orcs
  4 endoplasms
  A giant cockroach (D:2)
  14 goblins
  10 hobgoblins
  2 jackals (D:1)
  3 quokkas
  2 ball pythons
  6 bats
  2 frilled lizards (D:2)
  5 kobolds
  3 rats
73 creatures vanquished.

Notes
Turn   | Place    | Note
-------+----------+-------------------------------------------
     0 | D:1      | qw the Gargoyle Hexslinger began the quest for the Orb.
     0 | D:1      | Reached XP level 1. HP: 12/12 MP: 2/2
     0 | D:1      | 0 ||| qw: Version: 0.3-a-51-g015441d
     0 | D:1      | 0 ||| qw: Game counter: 4294
     0 | D:1      | 0 ||| qw: Melee chars always use a shield: true
     0 | D:1      | 0 ||| qw: God list: Okawaru
     0 | D:1      | 0 ||| qw: Allow faded altars: false
     0 | D:1      | 0 ||| qw: Do Orc after clearing Dungeon:15 true
     0 | D:1      | 0 ||| qw: Do second Lair branch before Depths: true
     0 | D:1      | 0 ||| qw: Lair rune preference: random
     0 | D:1      | 0 ||| qw: Goals: Normal
     0 | D:1      | 0 ||| PLANNING D:1-11
    22 | D:1      | Noticed a golden eye
    24 | D:1      | Found a faded altar of an unknown god.
    26 | D:1      | Noticed a shining eye
    26 | D:1      | Noticed a golden eye
    26 | D:1      | Noticed a shining eye
   165 | D:1      | Reached XP level 2. HP: 16/16 MP: 3/3
   260 | D:1      | Reached skill level 3 in Ranged Weapons
   525 | D:1      | Reached XP level 3. HP: 21/21 MP: 4/4
  1367 | D:1      | 1367 ||| UPGRADING to +0 leather armour.
  1377 | D:1      | 1377 ||| DROPPING +0 robe.
  1378 | D:1      | 1378 ||| DROPPING ring of magical power.
  1379 | D:1      | 1379 ||| READING scroll labelled ESCHYL JUKKIL.
  1379 | D:1      | Identified a scroll of acquirement
  1379 | D:1      | 1379 ||| ACQUIRING +2 helmet "Nuotiebri" {rC+}
  1379 | D:1      | Acquired the +2 helmet "Nuotiebri" {rC+}
  1381 | D:1      | 1381 ||| UPGRADING to +2 helmet "Nuotiebri" {rC+}.
  1386 | D:1      | 1386 ||| READING scroll labelled NIGE URHIOTE.
  1387 | D:1      | 1387 ||| READING 2 scrolls labelled PEROMU RUSHAOCH.
  1388 | D:1      | 1388 ||| DROPPING scroll of poison.
  1389 | D:1      | 1389 ||| DROPPING scroll of blinking.
  1445 | D:2      | 1445 ||| READING scroll of enchant weapon.
  1445 | D:2      | 1445 ||| ENCHANTING +2 sling.
  1758 | D:2      | 1758 ||| READING scroll of acquirement.
  1758 | D:2      | 1758 ||| ACQUIRING 986 gold pieces
  1758 | D:2      | Acquired 986 gold pieces
  1778 | D:2      | Noticed Jessica
  1790 | D:2      | Killed Jessica
  1791 | D:2      | Reached skill level 4 in Ranged Weapons
  1791 | D:2      | Reached XP level 4. HP: 26/26 MP: 5/5
  1893 | D:2      | Found a runed translucent door.
  1894 | D:2      | Noticed Crazy Yiuf
  2253 | D:2      | 2253 ||| READING scroll labelled WUINWU NIKUCS.
  2254 | D:2      | 2254 ||| READING scroll labelled CAS GAPRABEOD.
  2373 | D:3      | 2373 ||| Stepping ~*~*~tactically~*~*~ (outnumbered).
  2416 | D:3      | HP: 6/26 [something/puff of flame (3)]
  2421 | D:3      | Reached XP level 5. HP: 7/30 MP: 6/6
  2569 | D:3      | Reached skill level 5 in Ranged Weapons
  2740 | D:3      | Identified the +2 short sword "Beast's Death" {vamp, *Rage
                  | rF++ Str+5}
  3201 | D:3      | Found an iron altar of Okawaru.
  3202 | D:3      | 3202 ||| PLANNING OKAWARU WORSHIP
  3202 | D:3      | 3202 ||| UPGRADING to +0 ring mail.
  3212 | D:3      | 3212 ||| DROPPING +0 leather armour.
  3213 | D:3      | 3213 ||| DRINKING 2 sapphire potions.
  3221 | D:3      | Became a worshipper of Warmaster Okawaru
  3222 | D:3      | 3222 ||| PLANNING D:1-11
  3258 | D:3      | Found a radiant altar of Vehumet.
  3435 | D:4      | Found Jypnodgh's Assorted Antiques.
  3446 | D:4      | 3446 ||| BUYING amethyst potion (20 gold).
  3446 | D:4      | Bought an amethyst potion for 20 gold pieces
  3446 | D:4      | 3446 ||| BUYING bubbling amethyst potion (20 gold).
  3446 | D:4      | Bought a bubbling amethyst potion for 20 gold pieces
  3446 | D:4      | 3446 ||| BUYING bubbling puce potion (20 gold).
  3446 | D:4      | Bought a bubbling puce potion for 20 gold pieces
  3446 | D:4      | 3446 ||| BUYING purple potion (20 gold).
  3446 | D:4      | Bought a purple potion for 20 gold pieces
  3446 | D:4      | 3446 ||| BUYING scroll labelled WOLOFI GE QEF (23 gold).
  3446 | D:4      | Bought a scroll labelled WOLOFI GE QEF for 23 gold pieces
  3446 | D:4      | 3446 ||| BUYING shortbow (69 gold).
  3446 | D:4      | Bought a shortbow for 69 gold pieces
  3446 | D:4      | 3446 ||| BUYING silver wand (92 gold).
  3446 | D:4      | Bought a silver wand for 92 gold pieces
  3446 | D:4      | 3446 ||| BUYING viscous golden potion (20 gold).
  3446 | D:4      | Bought a viscous golden potion for 20 gold pieces
  3446 | D:4      | 3446 ||| SWAPPING to +0 shortbow.
  3447 | D:4      | 3447 ||| DROPPING +3 sling.
  3493 | D:4      | Noticed an ogre
  3507 | D:4      | Reached skill level 1 in Armour
  3511 | D:4      | Slain by an ogre

Levels and vault maps discovered:
D:1:      ncdulo_lavacross, layout_loops_corners,
          hellmonk_ecumenical_altar_watching_god, serial_forest,
          infiniplex_forest_end_1, infiniplex_forest_straight_5,
          infiniplex_forest_end_3, infiniplex_forest_pool,
          infiniplex_forest_end_3, infiniplex_forest_split,
          infiniplex_forest_end_double, infiniplex_forest_split,
          amcnicky_mini_corridor_feature
D:2:      layout_basic, uniq_jessica, uniq_crazy_yiuf_cottage
D:3:      cheibrodos_greedy_goblins, layout_loops_corners, vehumet_crystals,
          mainiacjoe_overflow_alcove_1
D:4:      nicolae_cairo_tiling, layout_gridville, serial_shops, shop_statue

Skill      XL: |  1  2  3  4  5 |
---------------+----------------+-----
Ranged Weapons | 3 4 5 |  5.0
Fighting       | 2 |  2.4
Armour         | 1 |  1.8
Dodging        | |  1.5
Spellcasting   | |  1.0
Hexes          | |  2.6

Action                     |  1- 3 |  4- 6 || total
---------------------------+-------+-------++-------
   Fire: Sling             |    96 |   105 ||   201
         Shortbow          |       |    27 ||    27
    Use: Scroll            |     5 |     2 ||     7
         Potion            |       |     1 ||     1
 Armour: Robe              |     9 |       ||     9
         Leather armour    |       |    37 ||    37
         Ring mail         |       |     9 ||     9
  Dodge: Dodged            |    22 |    22 ||    44

Table legend:
 A = Non-vault XP
 B = Vault XP
 C = Vault XP percentage of total XP
 D = Non-vault monster count
 E = Vault monster count
 F = Vault count percentage of total count
                 A         B        C        D         E       F
            +---------+---------+-------+---------+---------+-------
      Total |     231 |      53 |  18.7 |      64 |       9 |  12.3
            +---------+---------+-------+---------+---------+-------
        D:1 |      43 |       0 |   0.0 |      24 |       0 |   0.0
        D:2 |      40 |      37 |  48.1 |      15 |       1 |   6.2
        D:3 |      87 |      16 |  15.5 |      17 |       8 |  32.0
        D:4 |      61 |       0 |   0.0 |       8 |       0 |   0.0
            +---------+---------+-------+---------+---------+-------
